SKY
ARIZONA DIAMONDBACKS @ VANCOUVER CASCADES
03/18/2053
 
TOP OF THE 1ST
Arizona Diamondbacks batting - Pitching for Vancouver Cascades : RHP Hugo Luevano
Pitching: RHP Hugo Luevano
Batting: LHB Oliver Paradis 0-0: Fly out, F5 (Popup, 25F, EV 80.0 MPH)
Batting: LHB Michael Freeman 0-0: Foul Ball, location: 3FF
0-1: Called Strike
0-2: Foul Ball, location: 3F
0-2: Ball
1-2: Strikes out looking
Batting: RHB Elijah Vanderpool 0-0: Ball
1-0: Ball
2-0: Called Strike
2-1: Called Strike
2-2: DOUBLE (Line Drive, 78M, EV 91.9 MPH)
Batting: LHB Wil Solís 0-0: Foul Ball, location: 3SF
0-1: Ball
1-1: Foul Ball, location: 3FF
1-2: Ball
2-2: Ball
3-2: Foul Ball, location: 2F
3-2: Ground out 4-3 (Groundball, 4, EV 88.8 MPH)
Top of the 1st over - 0 runs, 1 hit, 0 errors, 1 left on base; Arizona 0 - Vancouver 0
BOTTOM OF THE 1ST
Vancouver Cascades batting - Pitching for Arizona Diamondbacks : RHP Dylan Becker
Pitching: RHP Dylan Becker
Batting: SHB Kevin Tanaka 0-0: Ball
1-0: Ball
2-0: SINGLE (Groundball, 34D, EV 95.0 MPH)
Batting: LHB Frank Hare 0-0: Sac Bunt to P - play at first, batter OUT! 1-3
Kevin Tanaka to second
Batting: RHB Echo Warren 0-0: Ball
1-0: Ball
Wild Pitch!
Kevin Tanaka to third
2-0: Called Strike
2-1: Foul Ball, location: 2LF
2-2: Ball
3-2: Foul Ball, location: 2F
3-2: Fly out, F8 (Flyball, 8RD, EV 110.6 MPH)
Runner from 3rd tags up, SCORES, no throw by CF
Batting: LHB Oren Lane 0-0: Ball
1-0: Ball
2-0: Ball
3-0: Called Strike
3-1: Ground out 6-3 (Groundball, 6MD, EV 90.6 MPH)
Bottom of the 1st over - 1 run, 1 hit, 0 errors, 0 left on base; Arizona 0 - Vancouver 1
TOP OF THE 2ND
Arizona Diamondbacks batting - Pitching for Vancouver Cascades : RHP Hugo Luevano
Batting: LHB Valentin Suárez 0-0: Called Strike
0-1: Ball
1-1: Foul Ball, location: 7LMF
1-2: Ball
2-2: Ball
3-2: SINGLE (Line Drive, 8LS, EV 97.5 MPH)
Batting: SHB Hugo Castillo 0-0: Sac Bunt to P - play at first, batter OUT! 1-3
Valentin Suárez to second
Batting: LHB Lucas Jordan 0-0: SINGLE (Line Drive, 5D, EV 95.6 MPH)
Valentin Suárez to third
Batting: RHB Tadd Bateman 0-0: Ball
1-0: Ball
2-0: Ball
3-0: Called Strike
3-1: Grounds into double play, 6-4-3 (Groundball, 6, EV 86.9 MPH)
Top of the 2nd over - 0 runs, 2 hits, 0 errors, 1 left on base; Arizona 0 - Vancouver 1
BOTTOM OF THE 2ND
Vancouver Cascades batting - Pitching for Arizona Diamondbacks : RHP Dylan Becker
Batting: RHB Nolan Watkins 0-0: Ball
1-0: Ball
2-0: Ball
3-0: Called Strike
3-1: Foul Ball, location: 3SF
3-2: Foul Ball, location: 9LDF
3-2: Strikes out looking
Batting: LHB Tony Patino 0-0: Swinging Strike
0-1: Ball
1-1: Fly out, F7 (Flyball, 7S, EV 83.8 MPH)
Batting: RHB R.J. Thomas 0-0: Ball
1-0: SINGLE (Groundball, 34D, EV 110.6 MPH)
Batting: RHB Matt Newman 0-0: Ball
1-0: Ball
2-0: Ball
3-0: Called Strike
3-1: 2-RUN HOME RUN (Flyball, 89XD, EV 110.0 MPH), Distance : 426 ft
Batting: RHB Ismael Acevedo 0-0: Ball
1-0: Called Strike
1-1: Called Strike
1-2: Fly out, F8 (Flyball, 78S, EV 96.9 MPH)
Bottom of the 2nd over - 2 runs, 2 hits, 0 errors, 0 left on base; Arizona 0 - Vancouver 3
TOP OF THE 3RD
Arizona Diamondbacks batting - Pitching for Vancouver Cascades : RHP Hugo Luevano
Batting: RHB Brian Hirai 0-0: Ball
1-0: Swinging Strike
1-1: Fly out, F9 (Flyball, 9S, EV 96.9 MPH)
Batting: LHB Oliver Paradis 0-0: Fly out, F3 (Line Drive, 3L, EV 66.9 MPH)
Batting: LHB Michael Freeman 0-0: Ball
1-0: Ball
2-0: Swinging Strike
2-1: Foul Ball, location: 3FF
2-2: Strikes out looking
Top of the 3rd over - 0 runs, 0 hits, 0 errors, 0 left on base; Arizona 0 - Vancouver 3
BOTTOM OF THE 3RD
Vancouver Cascades batting - Pitching for Arizona Diamondbacks : RHP Dylan Becker
Batting: SHB Kevin Tanaka 0-0: Ball
1-0: Called Strike
1-1: Ground out 5-3 (Groundball, 56, EV 80.0 MPH)
Batting: LHB Frank Hare 0-0: Foul Ball, location: 5FF
0-1: Fly out, F9 (Line Drive, 9S, EV 96.9 MPH)
Batting: RHB Echo Warren 0-0: Ball
1-0: Ball
2-0: Ball
3-0: Base on Balls
Batting: LHB Oren Lane 0-0: Called Strike
0-1: Called Strike
0-2: Foul Ball, location: 7LSF
0-2: Ball
1-2: SINGLE (Line Drive, 9S, EV 97.5 MPH)
Echo Warren to second
Batting: RHB Nolan Watkins 0-0: Swinging Strike
0-1: Ball
1-1: Foul Ball, location: 2F
1-2: Ball
2-2: Foul Ball, location: 2F
2-2: Strikes out swinging
Bottom of the 3rd over - 0 runs, 1 hit, 0 errors, 2 left on base; Arizona 0 - Vancouver 3
TOP OF THE 4TH
Arizona Diamondbacks batting - Pitching for Vancouver Cascades : RHP Hugo Luevano
Pitching: RHP Dewitt Harris
Batting: RHB Elijah Vanderpool 0-0: Ball
1-0: Foul Ball, location: 2RF
1-1: Ball
2-1: SINGLE (Groundball, 6D, EV 100.0 MPH)
Batting: LHB Wil Solís 0-0: Ball
1-0: Fly out, F6 (Line Drive, 6, EV 73.1 MPH)
Batting: LHB Valentin Suárez 0-0: Ball
1-0: DOUBLE (Line Drive, 78D, EV 101.3 MPH)
Elijah Vanderpool to third
Batting: SHB Hugo Castillo 0-0: Ball
1-0: Ball
2-0: Called Strike
2-1: SINGLE (Groundball, 56D, EV 83.8 MPH) (infield hit)
Elijah Vanderpool scores
Valentin Suárez to third
Batting: LHB Lucas Jordan 0-0: Ball
1-0: Ball
2-0: Called Strike
2-1: Fly out, F7 (Flyball, 7LM, EV 83.1 MPH)
Pinch Hitting: LHB Otis Burdick 0-0: Called Strike
0-1: Foul Ball, location: 2F
0-2: Foul Ball, location: 25F
0-2: Foul Ball, location: 23FF
0-2: Ball
1-2: Strikes out swinging
Top of the 4th over - 1 run, 3 hits, 0 errors, 2 left on base; Arizona 1 - Vancouver 3
BOTTOM OF THE 4TH
Vancouver Cascades batting - Pitching for Arizona Diamondbacks : RHP Dylan Becker
Pitching: RHP Hadley Scott
Now at SS: Brett Grant
Batting: LHB Tony Patino 0-0: Ball
1-0: DOUBLE (Line Drive, 9LD, EV 103.1 MPH)
Batting: RHB R.J. Thomas 0-0: Ball
1-0: Ball
2-0: Ball
3-0: Base on Balls
Batting: RHB Matt Newman 0-0: Called Strike
0-1: Ball
1-1: Ball
R.J. Thomas steals 2nd base
Tony Patino steals 3rd base
2-1: Called Strike
2-2: Ground out 4-3 (Groundball, 4, EV 86.3 MPH)
Tony Patino scores
R.J. Thomas to third
Batting: RHB Ismael Acevedo 0-0: Called Strike
0-1: Foul Ball, location: 2F
0-2: Foul Ball, location: 7LDF
0-2: Fly out, F8 (Flyball, 8LM, EV 90.0 MPH)
Batting: SHB Kevin Tanaka 0-0: Called Strike
0-1: Foul Ball, location: 2F
0-2: Ball
1-2: Ball
2-2: Ball
3-2: Foul Ball, location: 2F
3-2: Foul Ball, location: 2F
3-2: Foul Ball, location: 3FF
3-2: Foul Ball, location: 7LSF
3-2: Base on Balls
Pinch Hitting: SHB Ian Conley 0-0: Ball
1-0: Called Strike
1-1: Swinging Strike
1-2: Ball
2-2: Foul Ball, location: 3DF
2-2: Ball
3-2: Base on Balls
Kevin Tanaka to second
Batting: RHB Echo Warren 0-0: Called Strike
0-1: Ball
1-1: Foul Ball, location: 25F
1-2: Strikes out swinging
Bottom of the 4th over - 1 run, 1 hit, 0 errors, 3 left on base; Arizona 1 - Vancouver 4
TOP OF THE 5TH
Arizona Diamondbacks batting - Pitching for Vancouver Cascades : RHP Dewitt Harris
Pitching: RHP Julius Poole
Now in LF: Ian Conley
Now in RF: Asher Wurtz
Batting: RHB Brian Hirai 0-0: SINGLE (Line Drive, 78M, EV 92.5 MPH)
Pinch Hitting: RHB Gaius Raton 0-0: Ball
1-0: Called Strike
1-1: Ball
2-1: Ball
3-1: Base on Balls
Brian Hirai to second
Batting: LHB Glenn Pichardo 0-0: Called Strike
0-1: Ball
1-1: Ball
2-1: Foul Ball, location: 3DF
2-2: Foul Ball, location: 5FF
2-2: SINGLE (Groundball, 6MD, EV 104.4 MPH)
Brian Hirai to third
Gaius Raton to second
Pinch Hitting: SHB Gabriel Watson 0-0: Ball
1-0: Fly out, F7 (Flyball, 78M, EV 98.8 MPH)
Runner from 3rd tags up, SCORES, throw by LF
Gaius Raton to third
Pinch Hitting: LHB Alejandro Madrid 0-0: Foul Ball, location: 2F
0-1: Swinging Strike
0-2: Strikes out looking
Batting: LHB Valentin Suárez 0-0: Fly out, F9 (Flyball, 89S, EV 95.0 MPH)
Top of the 5th over - 1 run, 2 hits, 0 errors, 2 left on base; Arizona 2 - Vancouver 4
BOTTOM OF THE 5TH
Vancouver Cascades batting - Pitching for Arizona Diamondbacks : RHP Hadley Scott
Pitching: RHP Pedro Osorio
Now at 2B: Charley Chalfin
Now at 3B: Gabriel Watson
Now in LF: Alejandro Madrid
Now in CF: Gaius Raton
Batting: SHB Asher Wurtz 0-0: Called Strike
0-1: Ball
1-1: Ground out 3-1 (Groundball, 34, EV 101.3 MPH)
Pinch Hitting: RHB Francis Moreland 0-0: Ball
1-0: Swinging Strike
1-1: Foul Ball, location: 23F
1-2: Strikes out swinging
Pinch Hitting: RHB Ayden Wilmers 0-0: Called Strike
0-1: Called Strike
0-2: Ball
1-2: Foul Ball, location: 9LMF
1-2: Ball
2-2: Ball
3-2: SINGLE (Line Drive, 6M, EV 104.4 MPH)
Batting: RHB R.J. Thomas 0-0: Ball
1-0: Ball
2-0: Ball
3-0: Called Strike
3-1: Called Strike
3-2: Ground out 6-3 (Groundball, 6, EV 83.8 MPH)
Bottom of the 5th over - 0 runs, 1 hit, 0 errors, 1 left on base; Arizona 2 - Vancouver 4
TOP OF THE 6TH
Arizona Diamondbacks batting - Pitching for Vancouver Cascades : RHP Julius Poole
Pitching: RHP Jerome Logan
Now at C: Jessie Cochran
Now at 1B: Alan Rector
Now at 3B: Francis Moreland
Now in CF: Ayden Wilmers
Batting: RHB Charley Chalfin 0-0: Fly out, F8 (Flyball, 8LD, EV 97.5 MPH)
Pinch Hitting: LHB Jake Steadman 0-0: Called Strike
0-1: Fly out, F7 (Flyball, 7S, EV 90.0 MPH)
Batting: RHB Brett Grant 0-0: SINGLE (Line Drive, 8RS, EV 101.9 MPH)
Batting: RHB Brian Hirai 0-0: Ball
1-0: Called Strike
1-1: Foul Ball, location: 2F
1-2: Ground out 1-3 (Groundball, 13S, EV 65.0 MPH)
Top of the 6th over - 0 runs, 1 hit, 0 errors, 1 left on base; Arizona 2 - Vancouver 4
BOTTOM OF THE 6TH
Vancouver Cascades batting - Pitching for Arizona Diamondbacks : RHP Pedro Osorio
Pitching: RHP Rudolph Ammons
Now at 1B: Duncan Hancock
Now in RF: Jake Steadman
Batting: RHB Wes Marques 0-0: Foul Ball, location: 9LMF
0-1: SOLO HOME RUN (Flyball, 89XD, EV 109.4 MPH), Distance : 434 ft
Pinch Hitting: RHB Adam Young 0-0: Called Strike
0-1: Called Strike
0-2: Strikes out swinging
Pinch Hitting: SHB Fulbright Romo 0-0: Foul Ball, location: 3F
0-1: Ball
1-1: Ball
2-1: Ball
3-1: Called Strike
3-2: SOLO HOME RUN (Flyball, 7D, EV 105.0 MPH), Distance : 419 ft
Batting: SHB Ian Conley 0-0: Called Strike
0-1: Fly out, F5 (Popup, 56S, EV 72.5 MPH)
Batting: RHB Jessie Cochran 0-0: Fly out, F7 (Flyball, 7S, EV 83.1 MPH)
Bottom of the 6th over - 2 runs, 2 hits, 0 errors, 0 left on base; Arizona 2 - Vancouver 6
TOP OF THE 7TH
Arizona Diamondbacks batting - Pitching for Vancouver Cascades : RHP Jerome Logan
Pitching: LHP Chris Kazan
Now at 2B: Fulbright Romo
Now at SS: Adam Young
Batting: RHB Gaius Raton 0-0: Called Strike
0-1: Ball
1-1: Ball
2-1: Fly out, F4 (Popup, 4M, EV 73.1 MPH)
Batting: LHB Glenn Pichardo 0-0: Called Strike
0-1: Ball
1-1: Foul Ball, location: 3F
1-2: Strikes out swinging
Batting: SHB Gabriel Watson 0-0: Fly out, F9 (Flyball, 89D, EV 96.9 MPH)
Top of the 7th over - 0 runs, 0 hits, 0 errors, 0 left on base; Arizona 2 - Vancouver 6
BOTTOM OF THE 7TH
Vancouver Cascades batting - Pitching for Arizona Diamondbacks : RHP Rudolph Ammons
Pitching: LHP Ellis Ledwith
Batting: SHB Asher Wurtz 0-0: Ball
1-0: Ball
2-0: Called Strike
2-1: SINGLE (Line Drive, 6D, EV 105.6 MPH)
Batting: RHB Francis Moreland Pickoff Throw to First - Out! 1-3
0-0: Called Strike
0-1: Foul Ball, location: 2F
0-2: SOLO HOME RUN (Flyball, 89XD, EV 111.3 MPH), Distance : 412 ft
Batting: RHB Ayden Wilmers 0-0: Called Strike
0-1: Called Strike
0-2: Ball
1-2: Foul Ball, location: 2F
1-2: Foul Ball, location: 3FF
1-2: Ground out 4-3 (Groundball, 34D, EV 96.3 MPH)
Batting: RHB Alan Rector 0-0: Ball
1-0: Reached on error, E6 (Groundball, 6, EV 83.8 MPH)
Batting: RHB Wes Marques 0-0: Ball
1-0: Called Strike
1-1: 2-RUN HOME RUN (Flyball, 78XD, EV 115.0 MPH), Distance : 469 ft
Batting: RHB Adam Young 0-0: Ball
1-0: Called Strike
1-1: Swinging Strike
1-2: Ground out 6-3 (Groundball, 6, EV 110.6 MPH)
Bottom of the 7th over - 3 runs, 3 hits, 1 error, 0 left on base; Arizona 2 - Vancouver 9
TOP OF THE 8TH
Arizona Diamondbacks batting - Pitching for Vancouver Cascades : LHP Chris Kazan
Pitching: RHP Sebastian Anderson
Batting: LHB Alejandro Madrid 0-0: Fly out, F6 (Popup, 6M, EV 59.4 MPH)
Batting: RHB Duncan Hancock 0-0: Called Strike
0-1: Ball
1-1: Foul Ball, location: 3F
1-2: Foul Ball, location: 25F
1-2: DOUBLE (Line Drive, 78D, EV 103.8 MPH)
Batting: RHB Charley Chalfin 0-0: Ball
1-0: Called Strike
1-1: Swinging Strike
1-2: Ball
2-2: Ground out 6-3 (Groundball, 56, EV 88.1 MPH)
Batting: LHB Jake Steadman 0-0: Ball
1-0: Called Strike
1-1: Foul Ball, location: 2F
1-2: Foul Ball, location: 2F
1-2: Ground out 4-3 (Groundball, 4, EV 80.6 MPH)
Top of the 8th over - 0 runs, 1 hit, 0 errors, 1 left on base; Arizona 2 - Vancouver 9
BOTTOM OF THE 8TH
Vancouver Cascades batting - Pitching for Arizona Diamondbacks : LHP Ellis Ledwith
Pitching: LHP Joey DeVoe
Batting: SHB Fulbright Romo 0-0: Called Strike
0-1: Ball
1-1: Ball
2-1: SOLO HOME RUN (Flyball, 78XD, EV 113.1 MPH), Distance : 456 ft
Pinch Hitting: LHB Lawrence Carla 0-0: Foul Ball, location: 2F
0-1: Swinging Strike
0-2: Strikes out looking
Batting: RHB Jessie Cochran 0-0: Ball
1-0: Called Strike
1-1: Called Strike
1-2: Strikes out swinging
Pinch Hitting: RHB Geraint Grandridge 0-0: Ball
1-0: SOLO HOME RUN (Flyball, 9LD, EV 95.0 MPH), Distance : 347 ft
Pinch Hitting: SHB Beau Koss 0-0: SINGLE (Flyball, 3D, EV 89.4 MPH)
Pinch Hitting: RHB Ron Felver 0-0: Fly out, F8 (Line Drive, 8RD, EV 98.8 MPH)
Bottom of the 8th over - 2 runs, 3 hits, 0 errors, 1 left on base; Arizona 2 - Vancouver 11
TOP OF THE 9TH
Arizona Diamondbacks batting - Pitching for Vancouver Cascades : RHP Sebastian Anderson
Pitching: RHP Xavier Miller
Now at 3B: Beau Koss
Now in LF: Geraint Grandridge
Now in CF: Ron Felver
Now in RF: Lawrence Carla
Batting: RHB Brett Grant 0-0: Ball
1-0: Foul Ball, location: 5F
1-1: Ground out 1-3 (Groundball, P, EV 68.1 MPH)
Pinch Hitting: RHB Jodie Molen 0-0: Ball
1-0: Ball
2-0: Called Strike
2-1: Swinging Strike
2-2: Foul Ball, location: 9LDF
2-2: Strikes out swinging
Pinch Hitting: SHB Jermaine Shaw 0-0: Ball
1-0: Foul Ball, location: 2F
1-1: Swinging Strike
1-2: Ball
2-2: Strikes out looking
Top of the 9th over - 0 runs, 0 hits, 0 errors, 0 left on base; Arizona 2 - Vancouver 11
Monday, May 20th , 2024 - OOTP Baseball 25.4 Build 64